 Dungeon Crawl Stone Soup version 0.23.1 (webtiles) character file.

Game seed: 12487240287238742005

40060 Kniotic the Demonic Aeon (level 13, -2/106 HPs)
             Began as a Demonspawn Monk on Mar 5, 2019.
             Was the Champion of Cheibriados.
             Slain by an ettin
             ... wielding a +0 dire flail
              (36 damage)
             ... on level 10 of the Dungeon.
             The game lasted 00:38:13 (22528 turns).

Kniotic the Demonic Aeon (Demonspawn Monk)         Turns: 22528, Time: 00:38:13

Health: -2/106     AC: 12    Str: 28    XL:     13   Next: 72%
Magic:  22/22      EV: 27    Int: 27    God:    Cheibriados [******]
Gold:   1228       SH:  3    Dex: 34    Spells: 5/12 levels left

rFire    . . .     SeeInvis .     - Unarmed
rCold    . . .     Gourm    .   (no shield)
rNeg     . . .     Faith    .   J - +1 leather armour "Ahourgh" {rElec}
rPois    .         Spirit   .   c - +0 helmet
rElec    +         Reflect  +   I - +0 cloak
rCorr    .         Harm     .   (no gloves)
MR       .....                  (no boots)
Stlth    +++.......             u - +3 amulet of reflection
HPRegen  0.27/turn              k - +3 ring of protection
MPRegen  0.18/turn              p - +2 ring of evasion

@: very slow
A: claws 2, yellow scales 2, spiny 1, rot immunity
a: Bend Time, Temporal Distortion, Slouch, Step From Time, Renounce Religion


You were on level 10 of the Dungeon.
You worshipped Cheibriados.
Cheibriados was exalted by your worship.
You were not hungry.

You visited 4 branches of the dungeon, and saw 18 of its levels.

You collected 1228 gold pieces.

Inventory:

Hand Weapons
 N - the +9 hand crossbow of Resourcefulness {elec, rPois rC+ Dex-4}
   (You found it on level 6 of the Lair of Beasts)

   It charges the ammunition it shoots with electricity; occasionally upon a
   hit, such missiles may discharge and cause terrible harm.
   It affects your dexterity (-4).
   It protects you from cold.
   It protects you from poison.
Armour
 c - a +0 helmet (worn)
 I - a +0 cloak (worn)
 J - the +1 leather armour "Ahourgh" (worn) {rElec}
   (You found it on level 2 of the Lair of Beasts)

   It insulates you from electricity.
 P - +0 steam dragon scales
Jewellery
 g - an uncursed ring of protection from cold
 k - a +3 ring of protection (left claw)
 p - a +2 ring of evasion (right claw)
 u - a +3 amulet of reflection (around neck)
 E - an uncursed ring of wizardry
 K - an uncursed amulet of magic regeneration
Wands
 q - a wand of disintegration (18)
 t - a wand of iceblast (2)
 v - a wand of enslavement (7)
 C - a wand of clouds (8)
 G - a wand of acid (4)
Scrolls
 a - a scroll of enchant armour
 d - 2 scrolls of fog
 e - 5 scrolls of amnesia
 f - 5 scrolls of remove curse
 l - a scroll of immolation
 o - a scroll of silence {unknown}
 w - 2 scrolls of torment
 x - 5 scrolls of teleportation
 y - 2 scrolls of noise {unknown}
 A - a scroll of magic mapping {unknown}
 F - 2 scrolls of enchant weapon
 L - a scroll of identify
 M - a scroll of blinking {unknown}
Potions
 i - 5 potions of curing
 j - 2 potions of might
 m - 3 potions of flight
 n - 2 potions of magic
 r - 2 potions of lignification
 z - 3 potions of brilliance
 B - 3 potions of heal wounds
 H - a potion of agility {unknown}
 O - a potion of resistance {unknown}
Miscellaneous
 D - a phial of floods
Comestibles
 b - 37 rations


   Skills:
 - Level 11.1 Fighting
 - Level 10.2 Dodging
 - Level 1.7 Stealth
 + Level 12.8 Unarmed Combat
 + Level 6.8 Air Magic
 - Level 13.0 Invocations


You had 5 spell levels left.
You knew the following spells:

 Your Spells              Type           Power        Failure   Level  Hunger
a - Confusing Touch       Hex            #.....       13%         1    ##.....
b - Deflect Missiles      Chrm/Air       ###.......   99%         6    #######

Your spell library contained the following spells:

 Spells                   Type           Power        Failure   Level  Hunger
 Freeze                   Ice            #...         13%         1    ##.....
 Throw Frost              Conj/Ice       #.....       21%         2    ###....
 Confuse                  Hex            #.......     36%         3    ####...
 Gell's Gravitas          Tloc           #.........   36%         3    ####...
 Ozocubu's Armour         Chrm/Ice       #.......     36%         3    ####...
 Silence                  Hex/Air        ###.......   67%         5    ######.
 Cause Fear               Hex            #.........   78%         4    #####..
 Petrify                  Tmut/Erth      #.......     78%         4    #####..
 Summon Ice Beast         Ice/Summ       #.......     78%         4    #####..
 Throw Icicle             Conj/Ice       #.......     78%         4    #####..
 Metabolic Englaciation   Hex/Ice        #.........   98%         5    ######.
 Yara's Violent Unravell  Hex/Tmut       #.........   98%         5    ######.
 Discord                  Hex            #.........   100%        8    #######


Dungeon Overview and Level Annotations

Branches:
Dungeon (10/15)            Temple (1/1) D:6            Lair (6/6) D:9
  Swamp (0/4) Lair:2       Spider (0/4) Lair:3        Slime (0/5) Lair:5
    Orc (1/2) D:10

Altars:
Ashenzari
Cheibriados
Dithmenos
Elyvilon
Fedhas
Gozag
Hepliaklqana
Kikubaaqudgha
Makhleb
Nemelex Xobeh
Okawaru
Qazlal
Ru
Sif Muna
Trog
Uskayaw
Vehumet
Wu Jian
Xom
Yredelemnul
Zin
The Shining One

Shops:
D:4 (

Annotations:
Lair:2 exclusion: 2 oklob plants
Lair:3 1 exclusion
Lair:5 3 runed translucent doors, exclusion: hydra, Qeimiotua's ghost, journeyman MiFi


Innate Abilities, Weirdness & Mutations

You have very sharp fingernails.
You are mostly covered in yellow scales. (AC +3)
You are partially covered in sharp spines.
You are immune to rotting.


Message History

The orc warrior completely misses you.
You mangle the ettin!!
The ettin is heavily wounded.
The ettin barely misses you.
The ettin hits you with a +0 dire flail!!!
You scratch the ettin but do no damage.
The ettin is heavily wounded.
The orc warrior is struck by your spines.
You kill the orc warrior!
Cheibriados thoroughly appreciates the change of pace.
You claw the ettin! x2
The ettin is severely wounded.
You block the ettin's attack. The ettin closely misses you.
You completely miss the ettin. You claw the ettin!
The ettin is almost dead.
The ettin misses you. x2
You scratch the ettin but do no damage. You claw the ettin.
The ettin is almost dead.
The ettin hits you with a +0 dire flail!!!
You die...

#..# #...# #............#
#. #..#
##################.## #.
#..# #####.## #####.#..##
#. #..####......#
#....###..# #.
#...#...##...####.#.####^#
#.
#.#....#.#......###..#...#
#.
#.####...#.#..#.#......#.#
#. #.#
#..#.##..)C###..#...# #.
#.# #.##.#..#.@)##..#..###
#. #.#
#.#...#..#......##...# #.
#.#
##.#.##..##..#.#.###.## #.
#.# #....#..#.....#.##.###
#. #.#
###..#..#.#.#...###..# #.
#.# #.#[##)).#..##......#
#. #.#
###..##)##.##..###### #†
#.#
#.))#.)#.....#.#....### #.
#.#
#...))####..###.##.#..# #.


You could see an ettin.

Vanquished Creatures
  The ghost of luab the Thaumaturge, a journeyman GnSk (Lair:2)
  A fire dragon (Lair:6)
  4 hydras
  A two-headed ogre (D:9)
  3 death yaks (Lair:6)
  2 lindwurms
  The ghost of ciphuk the Cleaver, a novice DDFi of Makhleb (D:7)
  Joseph (D:7)
  8 black mambas
  3 molten gargoyles (Lair:6)
  7 spiny frogs
  A rime drake (Lair:2)
  8 komodo dragons
  2 trolls (Orc:1)
  A hornet (D:9)
  11 blink frogs
  2 bog bodies (Lair:2)
  2 dream sheep (D:9)
  11 hippogriffs
  24 yaks
  3 wyverns (Lair:6)
  2 steam dragons (Lair:6)
  4 hungry ghosts
  8 basilisks
  Edmund (D:5)
  A warg (D:10)
  4 hell hounds (Lair:6)
  15 porcupines
  11 water moccasins
  7 orc warriors
  3 ice beasts
  5 sky beasts
  A black bear (D:9)
  8 necrophages
  A phantom (D:7)
  22 wolves
  4 centaurs
  3 ogres
  9 crocodiles
  3 big kobolds (D:9)
  16 bullfrogs
  2 gnoll sergeants
  A wyvern skeleton (D:6)
  A wyvern zombie (D:10)
  3 scorpions
  A water moccasin skeleton (D:8)
  5 killer bees (D:9)
  3 howler monkeys
  4 electric eels (Lair:4)
  5 lava snakes (Lair:6)
  2 crimson imps
  3 quasits
  7 jellies
  7 orc priests
  5 hounds
  3 bullfrog skeletons
  A centaur skeleton (D:7)
  9 orc wizards
  3 iguanas
  5 worker ants
  A killer bee zombie (D:9)
  A hound skeleton (D:7)
  3 worker ant zombies
  13 gnolls
  11 adders
  A howler monkey skeleton (D:4)
  A shadow imp (D:5)
  A worker ant simulacrum (D:7)
  2 oozes (Lair:5)
  A spectral adder (D:7)
  2 adder zombies
  2 adder skeletons
  2 worms
  2 dart slugs (D:2)
  10 leopard geckos
  54 orcs
  6 bats
  10 giant cockroaches
  2 gnoll zombies (D:6)
  10 goblins
  11 hobgoblins
  9 jackals
  7 kobolds
  5 quokkas
  A ball python (D:3)
  5 frilled lizards
  A leopard gecko skeleton (D:5)
  2 quokka skeletons
  8 rats
  4 plants
483 creatures vanquished.

Vanquished Creatures (others)
  2 yaks (Lair:5)
  A porcupine (Lair:5)
  A spectral hound (D:7)
  34 fungi
  12 plants
50 creatures vanquished.

Grand Total: 533 creatures vanquished

Notes
Turn   | Place    | Note
-------+----------+-------------------------------------------
     0 | D:1      | Kniotic the Demonspawn Monk began the quest for the Orb.
     0 | D:1      | Reached XP level 1. HP: 18/18 MP: 1/1
   509 | D:1      | Gained mutation: You are partially covered in yellow
                  | scales. (AC +2) [demonic ancestry]
   509 | D:1      | Reached XP level 2. HP: 24/24 MP: 2/2
   867 | D:1      | Gained mutation: You have sharp fingernails. [demonic
                  | ancestry]
   867 | D:1      | Reached XP level 3. HP: 21/29 MP: 3/3
  1992 | D:2      | Reached XP level 4. HP: 35/35 MP: 4/4
  2422 | D:3      | Noticed a centaur
  2437 | D:3      | Killed a centaur
  2437 | D:3      | Reached skill level 5 in Unarmed Combat
  2437 | D:3      | Reached XP level 5. HP: 16/41 MP: 5/5
  2711 | D:2      | HP: 2/41 [orc priest/divine providence (13)]
  3583 | D:4      | Found a blossoming altar of Fedhas.
  3663 | D:4      | Reached XP level 6. HP: 43/47 MP: 6/6
  3702 | D:4      | Found a bloodstained altar of Trog.
  4149 | D:4      | Found Oreingih's Antique Weapon Emporium.
  4518 | D:5      | Entered Level 5 of the Dungeon
  4538 | D:5      | Noticed Edmund
  5094 | D:5      | Noticed a sky beast
  5125 | D:5      | Killed a sky beast
  5125 | D:5      | Reached XP level 7. HP: 52/52 MP: 7/7
  5731 | D:6      | Found a basalt altar of Yredelemnul.
  6384 | D:6      | Found a staircase to the Ecumenical Temple.
  6827 | D:6      | Reached XP level 8. HP: 45/58 MP: 8/8
  7056 | D:6      | Noticed a hippogriff
  7060 | D:6      | Killed a hippogriff
  7249 | D:6      | Reached skill level 10 in Unarmed Combat
  7846 | Temple   | Entered the Ecumenical Temple
  7853 | Temple   | Became a worshipper of Cheibriados the Contemplative
  7853 | Temple   | Reached * piety under Cheibriados
  7853 | Temple   | Reached ** piety under Cheibriados
  8642 | D:7      | Noticed Joseph
  8675 | D:8      | Found a glowing silver altar of Zin.
  8692 | D:8      | Gained mutation: You are mostly covered in yellow scales.
                  | (AC +3) [demonic ancestry]
  8692 | D:8      | Reached XP level 9. HP: 63/63 MP: 9/9
  8903 | D:8      | Reached skill level 1 in Invocations
  8972 | D:8      | Reached *** piety under Cheibriados
  9283 | D:8      | Reached skill level 2 in Invocations
  9295 | D:8      | Found a burning altar of Makhleb.
  9299 | D:8      | Found a shimmering altar of Xom.
  9418 | D:7      | Found a shattered altar of Ashenzari.
  9418 | D:7      | Found a glowing golden altar of the Shining One.
  9606 | D:7      | Killed Joseph
  9606 | D:7      | Reached skill level 5 in Fighting
  9606 | D:7      | Reached skill level 3 in Invocations
  9889 | D:7      | Found a runed translucent gate.
  9889 | D:7      | Found a runed translucent gate.
  9889 | D:7      | Noticed ciphuk's ghost (novice DDFi)
  9890 | D:7      | Found a runed translucent gate.
 10086 | D:9      | Reached skill level 5 in Dodging
 10086 | D:9      | Reached skill level 4 in Invocations
 10119 | D:9      | Gained mutation: You have very sharp fingernails. [demonic
                  | ancestry]
 10119 | D:9      | Reached XP level 10. HP: 66/76 MP: 13/13
 10241 | D:9      | Noticed a two-headed hydra
 10254 | D:9      | Killed a two-headed hydra
 10254 | D:9      | Reached skill level 5 in Invocations
 10545 | D:9      | Reached **** piety under Cheibriados
 11043 | D:9      | Reached skill level 6 in Invocations
 11266 | D:9      | Noticed a two-headed ogre
 11274 | D:9      | Killed a two-headed ogre
 11274 | D:9      | Reached ***** piety under Cheibriados
 11335 | D:9      | Learned a level 1 spell: Confusing Touch
 11442 | D:9      | Found a staircase to the Lair.
 11477 | D:9      | Gained mutation: You are partially covered in sharp spines.
                  | [demonic ancestry]
 11477 | D:9      | Reached XP level 11. HP: 31/86 MP: 16/16
 12111 | D:9      | Reached skill level 7 in Invocations
 12275 | D:10     | Entered Level 10 of the Dungeon
 12704 | D:10     | Found a staircase to the Orcish Mines.
 12875 | D:10     | Found a radiant altar of Vehumet.
 13211 | Lair:1   | Entered Level 1 of the Lair of Beasts
 13454 | Lair:1   | Reached skill level 8 in Invocations
 13471 | Lair:1   | HP: 4/89 [blink frog (12)]
 13475 | Lair:1   | Reached ****** piety under Cheibriados
 14403 | Lair:2   | Got a heavily runed leather armour
 14411 | Lair:2   | Identified the +1 leather armour "Ahourgh" {rElec} (You
                  | found it on level 2 of the Lair of Beasts)
 14464 | Lair:2   | Reached skill level 10 in Fighting
 14501 | Lair:2   | Found a staircase to the Swamp.
 14671 | Lair:2   | Found a runed translucent door.
 14944 | Lair:2   | Reached skill level 9 in Invocations
 15154 | Lair:2   | Noticed luab's ghost (journeyman GnSk)
 15264 | Lair:2   | Noticed an oklob plant
 15267 | Lair:2   | Noticed an oklob plant
 15804 | Lair:3   | Gained mutation: You are immune to rotting. [demonic
                  | ancestry]
 15804 | Lair:3   | Reached XP level 12. HP: 98/98 MP: 18/18
 15983 | Lair:3   | Found a hole to the Spider Nest.
 16372 | Lair:4   | Reached skill level 10 in Dodging
 17089 | Lair:5   | Found a runed translucent gate.
 17089 | Lair:5   | Found a runed translucent gate.
 17089 | Lair:5   | Found a runed translucent gate.
 17493 | Lair:4   | Learned a level 6 spell: Deflect Missiles
 17623 | Lair:5   | Reached skill level 1 in Air Magic
 17623 | Lair:5   | Reached skill level 10 in Invocations
 17863 | Lair:5   | Found a staircase to the Slime Pits.
 18454 | Lair:5   | Noticed a five-headed hydra
 18559 | Lair:5   | Noticed Qeimiotua's ghost (journeyman MiFi)
 18560 | Lair:5   | Noticed a minotaur
 18606 | Lair:5   | Reached skill level 11 in Invocations
 18854 | Lair:6   | Entered Level 6 of the Lair of Beasts
 18968 | Lair:6   | Noticed a death yak
 18969 | Lair:6   | Noticed a death yak
 18970 | Lair:6   | Noticed a death yak
 18987 | Lair:6   | Killed a death yak
 19000 | Lair:6   | Killed a death yak
 19009 | Lair:6   | Killed a death yak
 19009 | Lair:6   | Reached XP level 13. HP: 53/106 MP: 21/21
 19050 | Lair:6   | Got a translucent hand crossbow
 19737 | Lair:6   | Reached skill level 5 in Air Magic
 19832 | Lair:6   | Reached skill level 12 in Invocations
 20378 | Lair:6   | Identified the +9 hand crossbow of Resourcefulness {elec,
                  | rPois rC+ Dex-4} (You found it on level 6 of the Lair of
                  | Beasts)
 20425 | Lair:6   | Found a large runed translucent door.
 21077 | Lair:6   | Found a large runed translucent door.
 21192 | Lair:6   | Noticed a fire dragon
 21632 | Lair:6   | Killed a fire dragon
 21956 | D:5      | Killed Edmund
 22036 | D:7      | Killed ciphuk's ghost
 22036 | D:7      | Reached skill level 13 in Invocations
 22247 | Lair:2   | Killed luab's ghost
 22496 | Orc:1    | Entered Level 1 of the Orcish Mines
 22509 | Orc:1    | Noticed an ettin
 22528 | D:10     | Slain by an ettin

Skill      XL: |  1  2  3  4  5  6  7  8  9 10 11 12 13 |
---------------+----------------------------------------+-----
Unarmed Combat | 3 4 5 6 7 9 11 12 | 12.8
Dodging        | 5 7 9 10 | 10.2
Invocations    | 4 6 9 11 13 | 13.0
Fighting       | 5 8 10 11 | 11.1
Air Magic      | 4 6 |  6.8
Stealth        | |  1.7

Action                   |  1- 3 |  4- 6 |  7- 9 | 10-12 | 13-15 || total
-------------------------+-------+-------+-------+-------+-------++-------
Melee: Unarmed           |   137 |   209 |   334 |   538 |   212 ||  1430
       Punch             |     2 |     8 |    26 |    49 |    21 ||   106
 Cast: Confusing Touch   |       |       |       |       |     1 ||     1
Evoke: Wand              |       |     2 |    12 |    15 |    11 ||    40
  Use: Potion            |       |     1 |     1 |     3 |     2 ||     7
       Scroll            |       |       |    11 |     8 |     2 ||    21
 Stab: Sleeping          |     8 |    13 |     7 |    11 |     4 ||    43
       Distracted        |       |       |       |     3 |     1 ||     4
       Confused          |       |       |       |       |     1 ||     1
  Eat: Chunk             |     3 |    10 |    16 |    18 |     2 ||    49
       Ration            |       |       |       |       |     1 ||     1
Armor: Robe              |    35 |    56 |    61 |    52 |       ||   204
       Leather armour    |       |       |       |    36 |    37 ||    73
Dodge: Dodged            |    91 |   137 |   208 |   644 |   212 ||  1292
Block: Other             |       |       |       |    13 |    20 ||    33
